 Dungeon Crawl Stone Soup version 0.29.1-debian-4-g95531337e3 (webtiles) character file.

Game seed: 11433562211843832743

253 Colgate the Insei (level 6, -2/43 HPs)
             Began as an Octopode Transmuter on Sept 13, 2022.
             Was an Initiate of Ru.
             Slain by an ice beast (9 damage)
             ... on level 3 of the Dungeon.
             The game lasted 00:12:09 (3651 turns).

Colgate the Insei (Octopode Transmuter)             Turns: 3651, Time: 00:12:09

Health: -2/43      AC:  2    Str:  9    XL:     6   Next: 14%
Magic:  4/9        EV: 19    Int: 17    God:    Ru [......]
Gold:   119        SH:  0    Dex: 18    Spells: 3/9 levels left

rFire   . . .      SeeInvis .     - Unarmed
rCold   . . .      Faith    .   (shield currently unavailable)
rNeg    . . .      Spirit   .   (helmet currently unavailable)
rPois   x          Reflect  .   (no amulet)
rElec   .          Harm     .   (no ring)
rCorr   .          Rampage  .   (no ring)
Will    .....                   (no ring)
Stlth   +++.......              (no ring)
HPRegen 0.14/turn               (no ring)
MPRegen 0.11/turn               (no ring)
                                (no ring)
                                (no ring)

@: spider-form (expiring)
A: venomous fangs, almost no armour, (amphibious), 8 rings, tiny, (camouflage
1), (gelatinous body 1), (nimble swimmer 1), (tentacles)
a: End Transformation, Renounce Religion


You were on level 3 of the Dungeon.
You worshipped Ru.
Ru was noncommittal.
You were a venomous arachnid creature.
You visited 1 branch of the dungeon, and saw 4 of its levels.

You collected 119 gold pieces.

Inventory:

Magical Staves
 a - a staff of poison (melded)
Wands
 g - a wand of flame (12)
Scrolls
 c - 4 scrolls of identify {unknown}
 e - a scroll of magic mapping {unknown}
 f - a scroll of blinking {unknown}
 j - 2 scrolls of noise {unknown}
 l - a scroll of vulnerability {unknown}
 n - 2 scrolls of teleportation {unknown}
Potions
 b - 2 potions of curing {unknown}
 d - 2 potions of mutation {unknown}
 h - a potion of haste {unknown}
 i - a potion of ambrosia {unknown}
 k - a potion of brilliance {unknown}
 m - 2 potions of flight {unknown}
 o - a potion of lignification


   Skills:
 - Level 4.0 Fighting
 - Level 2.0 Dodging
 + Level 3.1 Stealth
 - Level 4.0 Unarmed Combat
 - Level 2.0 Spellcasting
 - Level 3.0 Transmutations


You had 3 spell levels left.
You knew the following spells:

 Your Spells              Type           Power      Damage    Failure   Level
a - Beastly Appendage     Tmut           24%        N/A       16%         1
b - Wereblood             Tmut           12%        N/A       22%         2
c - Spider Form           Tmut/Pois      6%         N/A       52%         3

Your spell library contained the following spells:

 Spells                   Type           Power      Damage    Failure   Level
 Ensorcelled Hibernation  Hex/Ice        2%         N/A       50%         2
 Ice Form                 Ice/Tmut       6%         N/A       87%         4
 Anguish                  Hex/Necr       0%         N/A       96%         4


Dungeon Overview and Level Annotations

Branches:
Dungeon (4/15)
 Temple: D:4-7

Altars:
Ru

Annotations:
D:1 VSY alttari
D:4 Grinder


Innate Abilities, Weirdness & Mutations

You are a venomous arachnid creature.
You have poisonous fangs.
You are tiny and dextrous.
Your spellcasting is less reliable in this form.
Your armour is entirely melded.
You are incapable of wielding weapons or throwing items.
You cannot wear most types of armour.
((You are amphibious.))
You can wear up to eight rings at the same time.
((Your skin changes colour to match your surroundings (Stealth+).))
((Your rubbery body absorbs attacks. (AC +1, EV +1)))
((You are camouflaged when in or above water. (Stealth+)))
((You have tentacles for arms and can constrict up to eight enemies at once.))


Message History

Done exploring.
(D) Dungeon
Where to? (Enter - D:4, ? - help)
You climb downwards.
Level annotation: Grinder The ice beast barely misses you.
There is a stone staircase leading up here.
There are monsters nearby!
The ice beast closely misses you.
You climb upwards.
There is a stone staircase leading down here.
Casting: Spider Form (quite dangerous; 30% risk of failure)
You feel a surge of power!
You miscast Spider Form.
You are very lightly contaminated with residual magic.
Nothing appears to happen.
The ice beast hits you. The ice beast freezes you!
Casting: Spider Form (quite dangerous; 30% risk of failure)
You feel a surge of power!
You turn into a venomous arachnid creature.
Your staff of poison melds into your body.
The ice beast completely misses you.
You barely miss the ice beast. The ice beast hits you.
The ice beast freezes you!
You hit the ice beast.
The ice beast is poisoned.
The ice beast barely misses you.
You hit the ice beast. The ice beast completely misses you.
You barely miss the ice beast. The ice beast barely misses you.
You hit the ice beast but do no damage.
Your transformation is almost over.
The ice beast closely misses you.
You hit the ice beast. The ice beast hits you. The ice beast freezes you!
* * * LOW HITPOINT WARNING * * *
Your magical contamination has completely faded away.
You hit the ice beast but do no damage.
The ice beast looks even sicker.
The ice beast misses you.
You barely miss the ice beast. The ice beast closely misses you.
You hit the ice beast. The ice beast attacks as you move away!
The ice beast hits you.
* * * LOW HITPOINT WARNING * * *
The ice beast freezes you!
You die...

#.##.# ########
#.##.# #......####
#.##.# #.##......#
#.##.# #.##......#
#.##.# #.##......#
#.##.# #.####+####
#.##.#
####.####.######.#..#
................s#.##
####.####.#####.Y#.#
####.####.# ###.##.#
..........# #...##.#
####.###### #.####.#
##...# #.# #.#
##.##########.####.#
##.................#
#####.....###########


You could see an ice beast (very poisoned).

Vanquished Creatures
  A howler monkey (D:3)
  An iguana (D:3)
  Jessica (D:2)
  Natasha (thrice) (D:2)
  3 adders
  A worm (D:2)
  2 dart slugs
  8 ball pythons
  2 endoplasms
  5 giant cockroaches
  6 goblins
  2 hobgoblins
  4 jackals
  6 kobolds
  3 quokkas
  5 bats
  2 rats (D:1)
55 creatures vanquished.

Notes
Turn   | Place    | Note
-------+----------+-------------------------------------------
     0 | D:1      | Colgate the Octopode Transmuter began the quest for the
                  | Orb.
     0 | D:1      | Reached XP level 1. HP: 13/13 MP: 3/3
   124 | D:1      | Reached XP level 2. HP: 8/18 MP: 1/5
   129 | D:1      | Learned a level 2 spell: Wereblood
  1221 | D:2      | Reached skill level 1 in Stealth
  1221 | D:2      | Reached XP level 3. HP: 21/23 MP: 4/6
  1229 | D:1      | Learned a level 3 spell: Spider Form
  1263 | D:2      | Noticed Natasha
  1395 | D:2      | Killed Natasha
  1412 | D:2      | Noticed Natasha
  1796 | D:2      | Killed Natasha
  1797 | D:2      | Reached XP level 4. HP: 20/29 MP: 4/7
  1832 | D:2      | Noticed Natasha
  1901 | D:2      | Killed Natasha
  1963 | D:2      | Reached XP level 5. HP: 36/36 MP: 4/8
  2075 | D:2      | Noticed Jessica
  2079 | D:2      | Killed Jessica
  3332 | D:3      | Found a sacrificial altar of Ru.
  3360 | D:3      | Became a worshipper of Ru the Awakened
  3583 | D:3      | Reached XP level 6. HP: 43/43 MP: 5/9
  3590 | D:4      | Noticed an ice beast
  3592 | D:4      | Noticed Grinder
  3651 | D:3      | Slain by an ice beast

Illustrated notes

Levels and vault maps discovered:
D:1:      spicycebolla_arrival_ecumenical, layout_basic, serial_curves,
          eino_curves_01, eino_curves_02, grunt_decor_resistance,
          minmay_tetromino_i4
D:2:      layout_rooms, uniq_natasha, uniq_jessica
D:3:      layout_basic, lemuel_tele_altar
D:4:      black_bear_nest_1, layout_loops_ring, grunt_gozag_statues,
          lemuel_doored_altar, temple_green, kennysheep_generic_room_12,
          uniq_grinder, uniq_pikel

Skill      XL: |  1  2  3  4  5  6 |
---------------+-------------------+-----
Unarmed Combat | 4 |  4.0
Stealth        | 1 2 3 |  3.1
Transmutations | 3 |  3.0
Fighting       | 2 4 |  4.0
Dodging        | |  2.0
Spellcasting   | |  2.0

Action                   |  1- 3 |  4- 6 || total
-------------------------+-------+-------++-------
Melee: Unarmed           |    66 |    72 ||   138
       Tentacles         |     8 |     1 ||     9
       Constrict         |    13 |     1 ||    14
       Kick              |    11 |       ||    11
       Staff             |       |     1 ||     1
 Cast: Beastly Appendage |    10 |       ||    10
       Spider Form       |     3 |    20 ||    23
       Wereblood         |     1 |       ||     1
 Abil: End Transformatio |       |     1 ||     1
 Stab: Sleeping          |     3 |     3 ||     6
Armor: Skin              |     5 |     4 ||     9
Dodge: Dodged            |    45 |    63 ||   108
